 Dungeon Crawl Stone Soup version 0.17-a0-1132-g5dd4065 (webtiles) character file.

81 MonkeyBuisness the Skirmisher (level 4, -9/29 HPs)
             Began as a Gargoyle Fighter on May 24, 2015.
             Killed by divine providence
             ... invoked by an orc priest
              (14 damage)
             ... on level 3 of the Dungeon on May 25, 2015.
             The game lasted 00:04:22 (1667 turns).

MonkeyBuisness the Skirmisher (Gargoyle Fighter)    Turns: 1667, Time: 00:04:22

Health: -9/29      AC: 10    Str: 19    XL:     4   Next: 40%
Magic:  4/4        EV:  7    Int:  9    God:
Gold:   125        SH:  9    Dex: 10    Spells: 0 memorised, 3 levels left

rFire  . . .     SeeInvis .     a - +0 flail
rCold  . . .     Clarity  .     b - +0 scale mail
rNeg   + . .     SustAt   .     c - +0 shield
rPois  ∞         Gourm    .     (no helmet)
rElec  +         Spirit   .     (no cloak)
rCorr  .         Warding  .     (no gloves)
rMut   .         Stasis   .     (no boots)
MR     .....                    (no amulet)
Stlth  ..........               (no ring)
                                (no ring)

@: not resistant to hostile enchantments, extremely unstealthy
A: negative energy resistance 1, electricity resistance, unbreathing,
petrification resistance, rot immunity, AC +3
a: no special abilities


You were on level 3 of the Dungeon.
You were not hungry.

You visited 1 branch of the dungeon, and saw 3 of its levels.

You collected 125 gold pieces.

Inventory:

Hand weapons
 a - a +0 flail (weapon)
Armour
 b - a +0 scale mail (worn)
 c - a +0 shield (worn)
Jewellery
 n - an uncursed ring of stealth {unknown}
   (You found it on level 2 of the Dungeon)
Magical devices
 m - a wand of frost (26)
   (You found it on level 2 of the Dungeon)
Scrolls
 f - 2 scrolls of remove curse {unknown}
 i - 2 scrolls of identify {unknown}
 l - a scroll of teleportation {unknown}
 o - a scroll of amnesia {unknown}
 p - a scroll of blinking {unknown}
 q - 2 scrolls of enchant armour {unknown}
Potions
 d - a potion of might
 h - 2 potions of curing {unknown}
 j - a potion of flight {unknown}
Comestibles
 e - 2 bread rations {@e1}
 g - 2 beef jerkies
 k - a slice of pizza


   Skills:
 + Level 4.0 Fighting
 + Level 2.4 Maces & Flails
 + Level 3.8 Armour
 + Level 1.2 Dodging
 + Level 3.8 Shields


You had 3 spell levels left.
You didn't know any spells.

Dungeon Overview and Level Annotations

Branches:
Dungeon (3/15)

Altars:
Cheibriados


Innate Abilities, Weirdness & Mutations

You are resistant to torment.
Your stone body is resilient (AC +3).
You are immune to poison.
You resist negative energy.
You are resistant to electric shocks.
You can survive without breathing.
You are immune to petrification.
You are immune to rotting.


Message History

You hit the worm but do no damage. The worm bites you but does no damage.
You barely miss the worm. You hit the worm. You block the worm's attack.
You sock the worm!
You kill the worm!
No target in view!
You see here a leather armour.
There is a fountain of sparkling water here.
Done exploring.
Done exploring.
Welcome back, MonkeyBuisness the Gargoyle Fighter.
Unknown command.
Unknown command.
Unknown command.
Done exploring.
Done exploring.
Done exploring.
Done exploring.
There is a stone staircase leading down here.
You climb downwards.
There is a stone staircase leading up here.
Found a stone staircase leading down.
q - 2 scrolls labeled QACLEALIWI You now have 85 gold pieces (gained 6).
You now have 91 gold pieces (gained 6).
g - 2 beef jerkies (gained 1)
You now have 107 gold pieces (gained 16).
A rat comes into view.
A rat is nearby!
A rat is nearby!
You hit the rat.
You kill the rat!
No target in view!
No target in view!
You now have 125 gold pieces (gained 18).
A kobold comes into view. It is wielding a dagger.
The kobold shouts!
The kobold throws a stone.
The stone hits you but does no damage.
You see here a stone.
A kobold is nearby!
An orc comes into view. It is wielding a short sword.
The kobold throws a stone.
The stone completely misses you.
An orc comes into view. 2 orcs and an orc priest come into view.
The orc shouts!
The orc priest shouts!
The orc shouts!
The kobold throws a stone.
The stone hits you but does no damage.
You see here a stone.
A goblin comes into view.
The goblin shouts!
The orc priest invokes the aid of Beogh against you.
Something smites you!
You take 9 damage, and have 20/29 hp.
MASSIVE DAMAGE!!
The kobold throws a stone.
You block the stone.
You see here 2 stones.
The kobold throws a stone.
You block the stone.
Things that are here:
a stone; 3 fruits An orc opens the door.
The orc priest prays to Beogh.
You feel a wave of unholy energy pass over you.
You see here a stone.
You closely miss the orc. You block the orc's attack.
The orc hits you but does no damage.
Your shield prevents you from hitting the orc.
You block the orc's attack.
You closely miss the orc. The orc hits you but does no damage.
You completely miss the orc. The orc hits you with a dagger.
You block the orc's attack.
You take 1 damage, and have 21/29 hp.
You hit the orc but do no damage. The orc hits you but does no damage.
You hit the orc but do no damage. You block the orc's attack.
The orc hits you but does no damage.
You barely miss the orc. You block the orc's attack.
You closely miss the orc. You block the orc's attack.
You thump the orc!
You kill the orc!
Your shield and scale mail prevent you from hitting the orc.
The orc hits you but does no damage.
You hit the orc. The orc hits you but does no damage.
The orc barely misses you.
You hit the orc.
The orc priest becomes somewhat translucent.
You block the orc's attack.
You barely miss the orc.
The orc priest calls down the wrath of Beogh upon you.
Something smites you! The orc hits you but does no damage.
You take 10 damage, and have 12/29 hp.
MASSIVE DAMAGE!!
The orc priest's eyes start to glow.
You block the orc's attack.
The orc priest calls down the wrath of Beogh upon you.
Something smites you!
* * * LOW HITPOINT WARNING * * *
You take 9 damage, and have 4/29 hp.
MASSIVE DAMAGE!!
The orc priest looks braver.
The orc priest mumbles some strange prayers to Beogh against you.
Something smites you!
You die...

##....#####.###......###
.......# #.# #.#..###
##.#### #.# #o#.##
#.###.#.# #.......# #+#
#####.### #.# #.#
########.# #o#
#.....##.## #@# #.#
#.#...## #.# #.#
#....>..
###.#####.###.#...##
#.......#...........
#.#........##.##.##.
#.#####.#.###.##.### #.#
#.#.###.##....
#.#####.#.....##.###
#.......########.#


You could see an orc priest and an orc.

Vanquished Creatures
  4 adders (D:2)
  2 worms (D:2)
  An orc (D:3)
  5 bats
  2 giant cockroaches
  2 goblins
  8 hobgoblins (D:2)
  A quokka (D:2)
  2 ball pythons (D:2)
  2 giant newts (D:2)
  3 kobolds (D:1)
  6 rats
38 creatures vanquished.

Notes
Turn   | Place    | Note
--------------------------------------------------------------
     0 | D:1      | MonkeyBuisness the Gargoyle Fighter began the quest for the Orb.
     0 | D:1      | Reached XP level 1. HP: 14/14 MP: 1/1
   210 | D:1      | Reached XP level 2. HP: 19/19 MP: 2/2
   564 | D:2      | Reached XP level 3. HP: 13/24 MP: 3/3
  1015 | D:2      | Reached skill level 1 in Dodging
  1099 | D:2      | Reached XP level 4. HP: 25/29 MP: 4/4
  1103 | D:2      | Found a snail-covered altar of Cheibriados.
  1276 | D:2      | Reached skill level 4 in Fighting
  1513 | D:2      | Upgraded the game from 0.17-a0-1123-g6d3914c to 0.17-a0-1132-g5dd4065
  1656 | D:3      | HP: 4/29 [orc priest/divine providence (9)]
  1667 | D:3      | Killed from afar by an orc priest

Vault maps used:
D:1:      zelgadis_glass_arrival_small
D:2:      cheibriados_altar_1, st_stairs_9, minmay_tree_intersection,
          grunt_ministairs_7
D:3:      fedhas_altar_fruit_tree, amethyst_overflow_temple_binary,
          hangedman_decor_riveting

Action                   |  1- 3 |  4- 6 || total
-------------------------+-------+-------++-------
Melee: Flail             |   149 |    30 ||   179
  Eat: Bread ration      |       |     1 ||     1
       Chunk             |       |     1 ||     1

Vault maps used:
D:1:      zelgadis_glass_arrival_small
D:2:      cheibriados_altar_1, st_stairs_9, minmay_tree_intersection,
          grunt_ministairs_7
D:3:      fedhas_altar_fruit_tree, amethyst_overflow_temple_binary,
          hangedman_decor_riveting

Table legend:
 A = Turns spent in this place as a percentage of turns spent in the entire game.
 B = Non-inter-level travel turns spent in this place as a percentage of non-inter-level travel turns spent in the entire game.
 C = Inter-level travel turns spent in this place as a percentage of turns spent in this place.
 D = Turns resting spent in this place as a percentage of non-inter-level travel turns spent in this place.
 E = Turns spent auto-exploring this place as a percentage of non-inter-level travel turns spent in this place.
 F = Non-inter-level travel turns spent in this place divided by the number of levels of this place that you've seen.
                   A       B       C       D       E      F
               +-------+-------+-------+-------+-------+----------------------
         Total | 100.0 | 100.0 |   0.4 |   0.9 |  13.9 | 149.0
       Dungeon | 100.0 | 100.0 |   0.4 |   0.9 |  13.9 | 149.0
               +-------+-------+-------+-------+-------+----------------------

Table legend:
 A = Kills in this place as a percentage of kills in entire the game.
 B = Kills by you in this place as a percentage of kills by you in the entire game.
 C = Kills by friends in this place as a percentage of kills by friends in the entire game.
 D = Other kills in this place as a percentage of other kills in the entire game.
 E = Experience gained in this place as a percentage of experience gained in the entire game.
 F = Experience gained in this place divided by the number of levels of this place that you have seen.
                   A       B       C       D       E      F
               +-------+-------+-------+-------+-------+----------------------
         Total | 100.0 | 100.0 |  -nan |  -nan | 100.0 |  38.7
       Dungeon | 100.0 | 100.0 |  -nan |  -nan | 100.0 |  38.7
               +-------+-------+-------+-------+-------+----------------------
